 Dungeon Crawl Stone Soup version 0.31.0-32-g396128a36d (webtiles) character file.

Game seed: 950360025113935515

34 VAZYLA the Trooper (level 3, 0/26 HPs)
             Began as an Octopode Fighter on Apr 14, 2024.
             Slain by a goblin
             ... wielding a +0 club
             ... led by Robin
              (3 damage)
             ... on level 2 of the Dungeon.
             The game lasted 00:01:01 (885 turns).

VAZYLA the Trooper (Octopode Fighter)                Turns: 885, Time: 00:01:02

Health: 0/26       AC:  1    Str: 17    XL:     3   Next: 31%
Magic:  4/4        EV: 13    Int: 10    God:
Gold:   72         SH:  4    Dex: 11    Spells: 4/4 levels left

rFire   . . .        a - +0 trident
rCold   . . .        b - +0 buckler
rNeg    . . .        (helmet restricted)
rPois   .            (no amulet)
rElec   .            (no ring)
rCorr   .            (no ring)
SInv    .            (no ring)
Will    .....        (no ring)
Stlth   ++           (no ring)
HPRegen 0.24/turn    (no ring)
MPRegen 0.09/turn    (no ring)
                     (no ring)

%: no passive effects
@: no status effects
A: almost no armour, amphibious, 8 rings, camouflage 1, gelatinous body 1,
(nimble swimmer 1), tentacles
a: no special abilities


You were on level 2 of the Dungeon.
You visited 1 branch of the dungeon, and saw 2 of its levels.

You collected 72 gold pieces.

Inventory:

Hand Weapons
 a - a +0 trident (weapon)
Armour
 b - a +0 buckler (worn)
Jewellery
 f - a ring of ice
Scrolls
 g - a scroll of identify {unknown}
 i - a scroll of teleportation {unknown}
Potions
 c - a potion of might
 d - a potion of curing {unknown}
 e - a potion of enlightenment {unknown}
 h - a potion of resistance {unknown}


   Skills:
 + Level 3.2 Fighting
 * Level 2.7 Polearms
 - Level 3.0 Dodging
 + Level 3.2 Shields
 + Level 1.0 Spellcasting


You had 4 spell levels left.
You didn't know any spells.
Your spell library was empty.

Dungeon Overview and Level Annotations

Branches:
Dungeon (2/15)

Altars:

Annotations:
D:2 Robin


Innate Abilities, Weirdness & Mutations

You cannot wear most types of armour.
You are amphibious.
You can wear up to eight rings at the same time.
Your skin changes colour to match your surroundings (Stealth+).
Your rubbery body absorbs attacks. (AC +1, EV +1)
((You are camouflaged when in or above water. (Stealth+)))
You have tentacles for arms and can constrict up to eight enemies at once.


Message History

Robin of the Strong Arm comes into view.
They are wielding a +0 mace of draining.
Robin shouts!
Robin throws the goblin at you!
A goblin comes into view. It is wielding a +0 club.
The goblin hits you with a dagger.
You miss the goblin. You grab the goblin. Your squeeze misses the goblin.
You constrict the goblin.
The goblin unwields a +0 sling.
The goblin wields a +0 dagger.
You block the goblin's attack.
A goblin comes into view. It is wielding a +0 club.
The goblin barely misses you. The hobgoblin closely misses you.
The goblin shouts!
You hit the goblin.
You kill the goblin!
You block the goblin's attack.
Robin roars a battlecry!
The goblins go into a battle-frenzy!
The goblin closely misses you.
Your Spellcasting skill increases to level 1!
You barely miss the hobgoblin. You grab the hobgoblin.
You squeeze the hobgoblin.
You kill the hobgoblin!
The goblin barely misses you. Robin throws the goblin at you!
The hobgoblin hits you. You block the goblin's attack.
The goblin hits you with a +0 club.
The goblin splashes around in the water.
You are too injured to fight recklessly!
You are too injured to fight recklessly!
You are too injured to fight recklessly!
You are too injured to fight recklessly!
You are too injured to fight recklessly!
You are too injured to fight recklessly!
You are too injured to fight recklessly!
Robin throws the goblin at you! The goblin completely misses you.
The goblin hits you with a +0 club. The goblin hits you with a +0 club!
* * * LOW HITPOINT WARNING * * *
The goblin attacks as it pursues you! You block the goblin's attack.
The goblin attacks as it pursues you! The goblin barely misses you.
The goblin attacks as it pursues you! The goblin hits you with a +0 club.
You die...

.# .#........ ≈≈≈~.
... ...8..... ≈≈≈≈≈
#.. #......###≈≈≈≈
##.###....#...# ≈#
#...#.S...#.⌠.#≈≈#
⌠.
.8?$.8..g#..g#~≈#.g.
.. #..g.g.###~..~###
#.###@gg..gg........
...#........).######
.8...8...g....##
#...>...........#
###.............#
##.............#
...!...........#
##.............#
#............##


You could see an adder (wandering), 3 hobgoblins and 6 goblins.

Vanquished Creatures
  2 dart slugs (D:1)
  4 endoplasms (D:1)
  2 giant cockroaches
  3 goblins (D:2)
  4 hobgoblins
  4 jackals (D:1)
  2 kobolds (D:1)
  2 ball pythons (D:1)
  A bat (D:1)
  A frilled lizard (D:1)
25 creatures vanquished.

Notes
Turn   | Place    | Note
-------+----------+-------------------------------------------
     0 | D:1      | VAZYLA the Octopode Fighter began the quest for the Orb.
     0 | D:1      | Reached XP level 1. HP: 16/16 MP: 1/1
    71 | D:1      | Reached XP level 2. HP: 14/21 MP: 2/2
   723 | D:1      | Reached XP level 3. HP: 26/26 MP: 4/4
   875 | D:2      | Noticed Robin
   878 | D:2      | Reached skill level 1 in Spellcasting
   885 | D:2      | Slain by a goblin

Illustrated notes

Levels and vault maps discovered:
D:1:      lightli_arrival_flooded_house, layout_loops_ring
D:2:      layout_rooms, grunt_decor_resistance, fountainhead,
          chequers_big_river, minmay_misc_feat_four_crosses, uniq_robin,
          uniq_sigmund

Skill      XL: |  1  2  3 |
---------------+----------+-----
Spellcasting   | 1 |  1.0
Fighting       | |  3.2
Polearms       | |  2.7
Dodging        | |  3.0
Shields        | |  3.2

Action                     || total
---------------------------++-------
  Melee: Trident           ||    45
         Constrict         ||    14
         Tentacles         ||     9
   Stab: Sleeping          ||     5
 Armour: Skin              ||    30
  Dodge: Dodged            ||    44
  Block: Buckler           ||    18
